Map: Korhal Carnage Knockout LE

Players

Nerchio

  • Race: Zerg Zerg

Showtime - Winner!

  • Race: Protoss Protoss

Event: DreamHack Open Tours WCS Spring Championship

VOD

https://youtu.be/EBJAX5OvKrU?t=1h16m4s

Description

Time

  • Played on: May 16, 2016, 9:44 a.m.
  • Length: 8:10

All games in this series

Show
View Real Time Build Order
Export as new Build Order

Nerchio Zerg 

Build Orders: Hatch First 

Get SALT Encoding   

  12  0:01  Drone  
  13  0:12  Overlord  
  13  0:17  Drone  
  14  0:30  Drone x2  
  14  0:34  Drone  
  17  0:52  Hatchery  
  17  0:54  Drone  
  17  0:58  Drone  
  17  1:04  Extractor  
  17  1:13  Spawning Pool  
  17  1:16  Drone  
  17  1:20  Drone  
  18  1:28  Drone  
  19  1:38  Overlord  
  19  1:51  Drone  
  20  1:59  Queen  
  22  2:03  Queen  
  22  2:04  Metabolic Boost  
  22  2:05  Zergling x2  
  22  2:06  Drone  
  26  2:10  Drone  
  26  2:14  Drone  
  28  2:21  Drone  
  29  2:34  Zergling x2  
  29  2:35  Hatchery  
  29  2:39  Drone x2  
  29  2:43  Overlord  
  31  2:47  Drone  
  32  2:56  Zergling x2  
  33  3:00  Zergling x2  
  33  3:02  Queen  
  36  3:09  Drone x5  
  41  3:13  Drone x2  
  41  3:18  Drone  
  41  3:19  Drone  
  44  3:22  Overlord  
  44  3:28  Overlord  
  44  3:38  Overlord  
  44  3:43  Queen, Spore Crawler, Drone x2  
  44  3:47  Drone  
  44  3:48  Drone x3  
  51  3:54  Drone  
  52  3:55  Drone  
  52  3:57  Drone  
  54  4:05  Drone  
  54  4:06  Spore Crawler  
  54  4:08  Lair  
  54  4:10  Drone x2  
  54  4:11  Evolution Chamber, Drone x2  
  54  4:12  Drone  
  54  4:15  Extractor  
  54  4:16  Overlord  
  57  4:18  Drone  
  57  4:22  Overlord  
  57  4:23  Overlord  
  58  4:32  Overlord  
  58  4:34  Queen  
  58  4:35  Drone x2  
  58  4:37  Drone  
  58  4:38  Drone  
  64  4:40  Drone  
  64  4:41  Drone  
  64  4:44  Drone x2  
  64  4:45  Drone  
  68  4:48  Overlord  
  68  4:53  Drone x3  
  68  4:54  Drone  
  68  4:55  Overlord  
  68  4:58  Zergling x4  
  74  5:01  Overlord  
  74  5:06  Spore Crawler, Extractor  
  74  5:07  Zerg Melee Weapons Level 1  
  72  5:13  Drone x5  
  75  5:14  Extractor  
  75  5:16  Extractor  
  73  5:21  Hydralisk Den  
  73  5:23  Zergling x4  
  73  5:24  Overlord  
  74  5:28  Queen x2  
  74  5:35  Drone x2  
  78  5:37  Overseer  
  78  5:40  Drone x3  
  78  5:41  Overlord  
  81  5:51  Hydralisk x5  
  81  5:56  Muscular Augments  
  91  5:59  Spore Crawler  
  91  6:00  Drone  
  91  6:04  Drone x3  
  91  6:07  Drone x4  
  91  6:08  Extractor  
  96  6:16  Hydralisk  
  96  6:18  Hydralisk  
  100  6:24  Hydralisk x2  
  104  6:26  Overlord  
  104  6:28  Hatchery  
  104  6:30  Drone x2  
  104  6:32  Hydralisk x2  
  107  6:36  Hydralisk  
  107  6:39  Pneumatized Carapace  
  111  6:40  Overlord  
  111  6:41  Overlord  
  111  6:43  Overlord  
  111  6:45  Overlord  
  111  6:50  Zergling x4  
  111  6:51  Zergling x2  
  114  6:59  Zergling x18  
  123  7:04  Hydralisk  
  125  7:14  Hydralisk x6  
  122  7:20  Hydralisk x3  
  101  7:23  Hydralisk  
  101  7:25  Hydralisk  
  101  7:27  Zergling x2  
  101  7:29  Hydralisk  
  94  7:33  Hydralisk x2  
  94  7:35  Hydralisk x2  
  94  7:36  Hydralisk  
  93  7:43  Hydralisk  
Show
View Real Time Build Order
Export as new Build Order

Showtime Protoss - Winner!

Build Orders: 1 Gate Expand, Phoenix Opening 

Get SALT Encoding   

  12  0:00  Probe (Chrono Boost)  
  13  0:11  Probe (Chrono Boost)  
  14  0:18  Pylon  
  14  0:22  Probe (Chrono Boost)  
  15  0:36  Probe (Chrono Boost)  
  15  0:38  Gateway  
  16  0:44  Assimilator  
  16  0:47  Probe (Chrono Boost)  
  17  0:57  Probe (Chrono Boost)  
  18  1:08  Probe (Chrono Boost)  
  20  1:18  Probe (Chrono Boost)  
  20  1:25  Nexus  
  20  1:34  Cybernetics Core  
  20  1:37  Probe (Chrono Boost)  
  21  1:45  Assimilator  
  21  1:47  Probe (Chrono Boost)  
  21  1:53  Pylon  
  22  1:58  Probe (Chrono Boost)  
  23  2:11  Probe (Chrono Boost), Warp Gate, Adept (Chrono Boost)  
  26  2:23  Probe  
  26  2:29  Stargate  
  27  2:35  Zealot (Chrono Boost), Probe (Chrono Boost)  
  30  2:38  Probe (Chrono Boost)  
  31  2:47  Probe (Chrono Boost)  
  31  2:50  Probe (Chrono Boost)  
  33  2:58  Mothership Core (Chrono Boost)  
  35  3:00  Probe (Chrono Boost)  
  36  3:10  Probe (Chrono Boost)  
  37  3:13  Phoenix (Chrono Boost)  
  37  3:16  Probe (Chrono Boost)  
  40  3:20  Probe  
  40  3:22  Gateway  
  40  3:26  Pylon  
  39  3:28  Probe  
  39  3:29  Assimilator  
  39  3:30  Probe  
  39  3:33  Assimilator  
  41  3:39  Phoenix (Chrono Boost)  
  41  3:40  Probe  
  41  3:41  Probe  
  45  3:51  Probe  
  45  3:52  Probe  
  45  3:54  Adept  
  49  4:02  Probe  
  51  4:03  Phoenix (Chrono Boost)  
  51  4:04  Probe  
  51  4:07  Twilight Council  
  53  4:12  Probe  
  53  4:13  Pylon  
  54  4:21  Robotics Facility  
  54  4:26  Pylon  
  54  4:30  Probe  
  54  4:31  Probe, Phoenix (Chrono Boost)  
  58  4:42  Resonating Glaives (Chrono Boost)  
  58  4:43  Probe  
  59  4:50  Nexus  
  59  4:55  Phoenix (Chrono Boost)  
  61  5:04  Gateway  
  61  5:05  Gateway  
  61  5:14  Gateway  
  61  5:15  Gateway  
  61  5:24  Phoenix (Chrono Boost)  
  61  5:26  Warp Prism (Chrono Boost)  
  65  5:34  Adept x2  
  69  5:40  Pylon  
  69  5:44  Pylon  
  69  5:55  Phoenix  
  69  5:59  Adept  
  73  6:07  Probe x3  
  76  6:20  Adept x6  
  90  6:28  Pylon  
  90  6:39  Pylon  
  88  6:40  Adept x5  
  88  6:41  Adept  
  100  6:48  Phoenix  
  100  6:49  Pylon  
  102  7:00  Adept  
  102  7:01  Adept x5  
  114  7:15  Phoenix  
  100  7:24  Adept  
  100  7:25  Adept x5  
  108  7:37  Phoenix  
  106  7:56  Probe  
  103  8:02  Adept x2  
  103  8:03  Adept x4  

Tags
 
Add a new tag
Caveats
  • Supply blocks, unpowered buildings, or Contaminate may cause inaccurate times.
  • Supply counts are checked every 10 seconds.